 Dungeon Crawl Stone Soup version 0.30-b1-2-g02819fbbbe (webtiles) character file.

Game seed: 12193177794116920185

219299 Alarkh the Warrior (level 18, -1/149 HPs)
             Began as a Demonspawn Artificer on Nov 26, 2023.
             Was a Believer of Uskayaw.
             Hit by a silver javelin thrown by a merfolk javelineer (6 damage)
             ... on level 3 of the Shoals on Nov 27, 2023.
             The game lasted 01:25:10 (32606 turns).

Alarkh the Warrior (Demonspawn Artificer)          Turns: 32606, Time: 01:25:10

Health: -1/149     AC: 28    Str: 30    XL:     18   Next: 44%
Magic:  30/30      EV: 18    Int: 24    God:    Uskayaw [**....]
Gold:   3203       SH:  4    Dex: 12    Spells: 23/34 levels left

rFire   + + .        b - +11 quarterstaff "Murmur" {flame, *Rage rF+ rC+ Str+9}
rCold   + + .        (shield currently unavailable)
rNeg    . . .        T - +0 swamp dragon scales
rPois   +            P - +2 hat {Int+3}
rElec   .            (cloak unavailable)
rCorr   .            J - +2 pair of gloves of Uhin {Fly Int+2}
SInv    +            l - +2 pair of boots
Will    +....        X - amulet of regeneration
Stlth   +++          D - ring of Bodily Harmony {rF+ rC+ Str+7 Dex-2 SInv}
HPRegen 2.04/turn    s - +5 ring of evasion
MPRegen 0.22/turn

%: clarity
@: flying
A: icy blue scales 2, icemail 2, powered by death 2, condensation shield,
weakness stinger 3, clarity, regeneration 1, noise suppression
}: 1/15 runes: gossamer
a: Renounce Religion, Stomp, Line Pass


You were on level 3 of the Shoals.
You worshipped Uskayaw.
Uskayaw was pleased with you.
You visited 6 branches of the dungeon, and saw 31 of its levels.
You visited the Abyss 2 times.
You also visited: Bailey, Ice Cave and Volcano.

You collected 5663 gold pieces.
You spent 2460 gold pieces at shops.

Inventory:

Hand Weapons
 b - the +11 quarterstaff "Murmur" (weapon) {flame, *Rage rF+ rC+ Str+9}
   (You found it on level 3 of the Spider Nest)

   Str:       It affects your strength (+9).
   rF:        It protects you from fire.
   rC:        It protects you from cold.
   *Rage:     It berserks you when you make melee attacks (+20% chance).
Missiles
 A - 12 boomerangs of dispersal
 R - a throwing net
Armour
 i - +0 ice dragon scales
 l - a +2 pair of boots (worn)
 B - a +2 buckler
 J - the +2 pair of gloves of Uhin (worn) {Fly Int+2}
   (You acquired it on level 5 of the Lair of Beasts)

   Int:       It affects your intelligence (+2).
   Fly:       It grants you flight.
 P - a +2 hat of intelligence (worn)
 T - +0 swamp dragon scales (worn)
Magical Staves
 a - a staff of conjuration
Jewellery
 s - a +5 ring of evasion (right hand)
 D - the ring of Bodily Harmony (left hand) {rF+ rC+ Str+7 Dex-2 SInv}
   (You bought it in a shop on level 2 of the Orcish Mines)

   [ring of protection from fire]

   Str:       It affects your strength (+7).
   Dex:       It affects your dexterity (-2).
   rF:        It protects you from fire.
   rC:        It protects you from cold.
   SInv:      It lets you see invisible.
 H - the ring of Bupig {Fire rElec rN+++ Int-5 SInv}
   (You found it on level 3 of the Lair of Beasts)

   [ring of fire]

   It enhances your fire magic.
   Int:       It affects your intelligence (-5).
   rF:        It protects you from fire.
   rC:        It makes you vulnerable to cold.
   rElec:     It insulates you from electricity.
   rN:        It renders you almost immune to negative energy.
   SInv:      It lets you see invisible.
 L - a ring of ice
 M - a +6 ring of dexterity
 O - an amulet of the acrobat
 S - a ring of protection from cold
 X - an amulet of regeneration (around neck)
Wands
 c - a wand of flame (3) (quivered)
 d - a wand of charming (15)
 e - a wand of iceblast (23)
 E - a wand of acid (2)
 I - a wand of digging (5)
 U - a wand of polymorph (18)
 W - a wand of paralysis (24)
Scrolls
 f - 7 scrolls of fear
 h - 3 scrolls of amnesia
 p - 5 scrolls of teleportation
 q - a scroll of enchant weapon
 r - 20 scrolls of identify
 w - 9 scrolls of magic mapping
 y - 3 scrolls of fog
 z - 3 scrolls of silence
 F - 4 scrolls of poison
 K - 4 scrolls of enchant armour
 N - 4 scrolls of summoning
 Q - 4 scrolls of blinking
Potions
 g - 26 potions of curing
 j - a potion of lignification
 k - 3 potions of resistance
 m - 6 potions of ambrosia
 n - 3 potions of heal wounds
 o - a potion of magic
 t - 8 potions of flight
 u - 3 potions of cancellation
 v - a potion of berserk rage
 x - 12 potions of might
 G - 2 potions of haste
 V - 5 potions of invisibility
Miscellaneous
 C - a lightning rod (4/4)


   Skills:
 + Level 15.5 Fighting
 * Level 12.6 Staves
 - Level 7.1 Armour
 - Level 6.8 Dodging
 - Level 7.5 Stealth
 - Level 5.0 Shields
 + Level 8.9 Spellcasting
 * Level 13.6 Conjurations
 + Level 15.5 Invocations
 * Level 14.0 Evocations


You had 23 spell levels left.
You knew the following spells:

 Your Spells              Type           Power      Damage    Failure   Level
a - Stone Arrow           Conj/Erth      86%        3d12      1%          3
b - Flame Wave            Conj/Fire      43%        2d11      4%          4
c - Sticky Flame          Conj/Fire      43%        2d6       4%          4

Your spell library contained the following spells:

 Spells                   Type           Power      Damage    Failure   Level
 Magic Dart               Conj           100%       1d8       1%          1
 Searing Ray              Conj           100%       2d8       1%          2
 Mephitic Cloud           Conj/Pois/Air  32%        N/A       3%          3
 Fulminant Prism          Conj/Hex       21%        3d12      4%          4
 Beastly Appendage        Tmut           20%        N/A       9%          1
 Sandblast                Erth           20%        2d7       9%          1
 Sting                    Tmut/Pois      40%        1d5       9%          1
 Blink                    Tloc           20%        N/A       12%         2
 Call Imp                 Summ           20%        N/A       12%         2
 Cigotuvi's Dreadful Rot  Necr/Pois/Air  20%        N/A       12%         2
 Ensorcelled Hibernation  Hex/Ice        20%        N/A       12%         2
 Passwall                 Tmut/Erth      8%         N/A       12%         2
 Poisonous Vapours        Pois/Air       20%        N/A       12%         2
 Scorch                   Fire           20%        2d5       12%         2
 Wereblood                Tmut           10%        N/A       12%         2
 Arcjolt                  Conj/Air       21%        1d31      14%         5
 Irradiate                Conj/Tmut      21%        3d18      14%         5
 Ignite Poison            Fire/Tmut/Pois 10%        N/A       24%         3
 Inner Flame              Hex/Fire       10%        N/A       24%         3
 Portal Projectile        Hex/Tloc       20%        N/A       24%         3
 Spider Form              Tmut/Pois      10%        N/A       24%         3
 Tukima's Dance           Hex            10%        N/A       24%         3
 Vhi's Electric Charge    Tloc/Air       20%        N/A       24%         3
 Freezing Cloud           Conj/Ice/Air   16%        6-21      34%         5
 Anguish                  Hex/Necr       5%         N/A       63%         4
 Animate Dead             Necr           10%        N/A       63%         4
 Manifold Assault         Tloc           10%        N/A       63%         4
 Olgreb's Toxic Radiance  Pois           10%        N/A       63%         4
 Passage of Golubria      Tloc           10%        N/A       63%         4
 Alistair's Intoxication  Tmut/Pois      6%         N/A       92%         5
 Blade Hands              Tmut           5%         N/A       92%         5
 Metabolic Englaciation   Hex/Ice        5%         N/A       92%         5
 Silence                  Hex/Air        5%         N/A       92%         5
 Yara's Violent Unravell  Hex/Tmut       5%         3d4       92%         5
 Plasma Beam              Fire/Air       5%         2x1d17    100%        6
 Summon Cactus Giant      Summ           5%         N/A       100%        6
 Dragon Form              Tmut           5%         N/A       100%        7
 Enfeeble                 Hex            5%         N/A       100%        7
 Haunt                    Necr/Summ      5%         N/A       100%        7
 Storm Form               Tmut/Air       5%         N/A       100%        7
 Infestation              Necr           5%         N/A       100%        8


Dungeon Overview and Level Annotations

Branches:
Dungeon (15/15)            Temple (1/1) D:6            Lair (5/5) D:11
 Shoals (4/4) Lair:3       Spider (4/4) Lair:3        Slime (0/5) Lair:5
    Orc (2/2) D:9             Elf (0/3) Orc:2        Vaults (0/5) D:13
 Depths (0/4) D:15         Bailey (visited)           IceCv (visited)
Volcano (visited)

Altars:
Ashenzari
Cheibriados
Dithmenos
Fedhas
Gozag
Hepliaklqana
Kikubaaqudgha
Makhleb
Nemelex Xobeh
Okawaru
Qazlal
Ru
Sif Muna
Trog
Uskayaw
Vehumet
Wu Jian
Xom
Yredelemnul

Shops:
D:5 [:*   D:10 *   D:11 !   Orc:1 **   Orc:2 !!=(   Shoals:2 [

Annotations:
D:14 Louise
Lair:4 2 transporters, exclusion: 2 oklob plants, Nubia's ghost, journeyman GnEn
Shoals:3 1 runed translucent door


Innate Abilities, Weirdness & Mutations

You are mostly covered in icy blue scales. (AC +3)
A meltable icy envelope protects you from harm. (AC +8)
You regenerate health from kills.
A meltable shield of frost defends you. (SH +4)
You have a sharp stinger which inflicts weakening toxins.
You possess an exceptional clarity of mind.
Your natural rate of healing is unusually fast.
You passively dampen the noise of your surroundings.


Message History

The merfolk javelineer hits you but does no damage.
The merfolk hits you from afar with a +3 trident!!
The kraken bites you!
* * * LOW HITPOINT WARNING * * *
The merfolk hits you from afar with a +0 trident!
* * * LOW HITPOINT WARNING * * *
Uskayaw will force your foes to helplessly watch your dance.
Uskayaw prepares the audience for your solo!
The helpless kraken fails to defend itself.
You hit the kraken but do no damage.
You tail-slap the kraken, but do no damage.
The kraken is severely wounded.
The helpless tentacle fails to defend itself.
You beat the tentacle like a drum!!!
You burn the tentacle.
You kill the tentacle!
The tentacle is no longer paralysed.
The helpless kraken fails to defend itself.
You pound the kraken like an anvil!!! You burn the kraken.
You kill the kraken!
The dead kraken's tentacles slide back into the water.
You hear a splash.
The merfolk javelineer is no longer paralysed.
The merfolk javelineer throws a silver javelin.
The silver javelin misses you.
Blink to where?
Press: ? - help, Dir - move target
As you read the scroll of blinking, it crumbles to dust.
The merfolk throws a boomerang.
The boomerang completely misses you.
The merfolk throws a boomerang.
The boomerang hits you but does no damage.
You see here a +0 robe.
The merfolk aquamancer casts a spell at you.
The shard of ice hits you but does no damage.
There is a stone staircase leading up here.
The merfolk aquamancer points at you and mumbles some strange words.
The shard of ice hits you!! You partially resist.
* * * LOW HITPOINT WARNING * * *
The merfolk javelineer throws a silver javelin.
The silver javelin pierces through you.
You die...

≈≈≈≈≈≈≈≈≈≈≈≈≈≈≈≈≈≈≈~~~~~~~~
≈≈≈≈≈≈≈≈≈≈≈≈≈≈≈≈...~~~~~~~~
≈~~~...m....m.........~~~~~
.........m.........))~~~
~....................<.~
≈....................)P.
≈~......[..........##..P
≈≈~................#....
≈≈~~~~.@.............###
≈≈≈≈~~~~...!........## #
≈≈≈≈≈~~~~~..........## #
≈≈≈≈≈~~.~~....~......# #
≈≈≈≈≈~~.~~~~.~..~~~~P# #
≈≈≈≈≈≈~~~~~~...(~~~~~# #
≈≈≈≈≈≈~~~~~~...†~~~~.# #
≈≈≈≈≈≈≈≈~~~.~~~~~~~~.###
≈≈≈≈~~~~~~~P~~~~PPP


You could see a merfolk javelineer, a merfolk aquamancer and a merfolk.

Vanquished Creatures
  Jorgrun (D:13)
  3 krakens (Shoals:3)
  An Executioner (Abyss:4)
  Gastronok (D:8)
  Polyphemus (Shoals:3)
  Frances (Spider:1)
  5 tentacled starspawn
  2 frost giants (IceCv)
  4 emperor scorpions
  2 ghost moths (Spider:4)
  3 broodmothers
  A very ugly thing (D:15)
  The ghost of krest9999 the Earth Mage, a journeyman GrEE of Vehumet (Orc:1)
  The ghost of Muexzin the Blocker, a journeyman GnFi of Sif Muna (Lair:3)
  An orc warlord (Bailey)
  A lorocyproca (Abyss:4)
  A red draconian (Volcano)
  A white draconian (IceCv)
  A spark wasp (Spider:4)
  A merfolk javelineer (Shoals:3)
  A jiangshi (Abyss:3)
  A merfolk impaler (Shoals:1)
  An entropy weaver (Spider:3)
  A great orb of eyes (D:15)
  3 hydras
  A vault guard (D:13)
  4 ice dragons
  2 catoblepae
  11 ironbound frosthearts (IceCv)
  A rakshasa (Abyss:4)
  4 radroaches
  3 merfolk avatars
  3 jorogumos
  2 alligator snapping turtles (Shoals:3)
  7 centaur warriors
  5 two-headed ogres
  4 boulder beetles
  4 hell hogs (Abyss:4)
  A merfolk aquamancer (Shoals:1)
  6 death yaks
  8 death scarabs (Spider:4)
  2 orc high priests
  2 thrashing horrors (D:15)
  Sonja (D:11)
  2 fire crabs (Shoals:2)
  The ghost of NimIero the Basher, a novice AtMo (D:7)
  A wretched star (Abyss:3)
  A skyshark (Shoals:2)
  3 sun moths
  Amaemon (D:7)
  6 pharaoh ants (Spider:4)
  A deep troll (shapeshifter) (D:15)
  6 sea snakes
  9 orb spiders
  A goliath frog (Lair:5)
  An orc knight (Orc:2)
  Pikel (D:7)
  11 steelbarb worms
  2 lindwurms
  3 deep elf pyromancers
  3 wizards
  A spriggan simulacrum (Abyss:4)
  An orange crystal statue (IceCv)
  2 spectral wolf spiders (Spider:4)
  A deep elf zephyrmancer (D:12)
  7 fauns
  4 harpies (Shoals:3)
  4 orc sorcerers (Orc:2)
  A mana viper (Abyss:4)
  24 wolf spiders
  5 salamanders (Volcano)
  13 ugly things
  11 manticores
  3 moths of wrath
  A merfolk siren (Shoals:3)
  16 elephants (Lair:5)
  3 black mambas
  10 cyclopes
  2 gargoyles (Volcano)
  An apocalypse crab (Abyss:4)
  Maurice (D:13)
  3 water nymphs
  3 molten gargoyles (Volcano)
  Joseph (D:10)
  Maggie (D:8)
  7 torpor snails
  An orange demon (D:8)
  2 smoke demons (Abyss:3)
  11 rime drakes
  9 demonic crawlers
  13 cane toads
  A rime drake (shapeshifter) (D:15)
  6 kobold demonologists
  A yaktaur (D:14)
  A freezing wraith (Abyss:3)
  2 unseen horrors
  7 komodo dragons
  3 spectral redbacks (Spider:4)
  Psyche (D:11)
  3 efreet
  A redback zombie (Spider:4)
  2 trolls
  2 tengu conjurers
  An ancient zyme (Abyss:3)
  A meliai (D:12)
  3 tyrant leeches (Lair:5)
  7 spectral jumping spiders (Spider:4)
  3 spectral tarantellas (Spider:4)
  11 polar bears
  35 blink frogs
  4 wind drakes
  20 tarantellas
  14 merfolk
  A spectral culicivora (Spider:4)
  7 raiju (Abyss:4)
  2 jumping spider zombies (Spider:4)
  2 snapping turtles
  8 dream sheep
  2 hornets
  2 tarantella zombies (Spider:4)
  18 culicivoras
  A centaur simulacrum (D:12)
  25 jumping spiders
  4 slime creatures
  A shadow (D:8)
  4 water elementals (Shoals:1)
  3 ynoxinuls
  2 fire bats (Shoals:2)
  3 wraiths
  6 basilisks
  8 wyverns
  41 yaks
  3 golden eyes (Abyss:4)
  55 redbacks
  5 large abominations
  7 vampire mosquitoes
  4 wargs (Orc:1)
  A neqoxec (Abyss:4)
  13 water moccasins
  A hydra simulacrum (Lair:3)
  3 acid dragons
  26 orc warriors
  2 black bears
  6 ice beasts
  A sky beast (D:5)
  A black mamba simulacrum (Lair:3)
  4 small abominations
  7 wolves
  11 ogres
  6 starcursed masses (Abyss:4)
  A lemure (D:7)
  7 centaurs
  4 kobold brigands
  22 bullfrogs
  3 gnoll sergeants (D:7)
  2 cane toad simulacra (Lair:3)
  2 scorpions (D:5)
  14 wights
  2 elephant simulacra (Lair:3)
  4 killer bees (D:7)
  2 vampire bats (D:8)
  A howler monkey (D:9)
  An electric eel (Lair:5)
  A torpor snail simulacrum (Lair:3)
  6 hounds
  6 jellies
  Crazy Yiuf (D:4)
  18 orc priests
  A gnoll bouda (D:3)
  2 sleepcaps
  2 iguanas
  32 orc wizards
  2 hell rats (Lair:1)
  A polar bear simulacrum (Lair:3)
  3 adders
  16 gnolls
  11 river rats (Lair:1)
  A shadow imp (D:5)
  4 white imps
  2 ufetubi (D:5)
  4 worms
  4 dart slugs
  75 orcs
  4 endoplasms
  3 giant cockroaches
  9 hobgoblins
  3 jackals (D:3)
  4 quokkas
  7 ball pythons
  11 bats
  4 frilled lizards
  12 goblins
  19 kobolds
  3 rats
  A bush (D:10)
  5 starspawn tentacles
  10 tentacles (Shoals:3)
1103 creatures vanquished.

Vanquished Creatures (collateral kills)
  A redback (Spider:1)
1 creature vanquished.

Vanquished Creatures (others)
  An orc knight (Orc:1)
  A torpor snail (Spider:1)
  A rime drake (Lair:3)
  A small abomination (Abyss:3)
  An orc priest (Orc:2)
  An orc wizard (Orc:2)
  An orc (D:8)
  11 fungi
  89 plants
  25 starspawn tentacles
  16 tentacles (Shoals:3)
148 creatures vanquished.

Grand Total: 1252 creatures vanquished

Notes
Turn   | Place    | Note
-------+----------+-------------------------------------------
     0 | D:1      | Alarkh the Demonspawn Artificer began the quest for the
                  | Orb.
     0 | D:1      | Reached XP level 1. HP: 15/15 MP: 1/1
   449 | D:1      | Gained mutation: You regenerate a little health from kills.
                  | [demonic ancestry]
   449 | D:1      | Reached XP level 2. HP: 22/22 MP: 2/2
  1172 | D:2      | Reached XP level 3. HP: 27/29 MP: 3/3
  1309 | D:2      | Identified the +7 whip of Fatigue {venom, *Noise Fragile
                  | rElec rF+ Int+5}
  1975 | D:3      | Gained mutation: You are partially covered in icy blue
                  | scales. (AC +2) [demonic ancestry]
  1975 | D:3      | Reached XP level 4. HP: 37/37 MP: 4/4
  2021 | D:3      | Found a shadowy altar of Dithmenos.
  2312 | D:3      | Reached XP level 5. HP: 29/43 MP: 5/5
  2541 | D:4      | Reached skill level 5 in Fighting
  2900 | D:4      | Found a runed translucent door.
  2901 | D:4      | Noticed Crazy Yiuf
  3013 | D:4      | Gained mutation: Your natural rate of healing is unusually
                  | fast. [potion of mutation]
  3013 | D:4      | Gained mutation: You possess an exceptional clarity of
                  | mind. [potion of mutation]
  3013 | D:4      | Gained mutation: You passively dampen the noise of your
                  | surroundings. [potion of mutation]
  3020 | D:4      | Killed Crazy Yiuf
  3021 | D:4      | Gained mutation: A meltable shield of frost defends you.
                  | (SH +4) [demonic ancestry]
  3021 | D:4      | Reached XP level 6. HP: 52/52 MP: 6/6
  3062 | D:5      | Entered Level 5 of the Dungeon
  3138 | D:5      | Found Rom Hanyfe's Assorted Antiques.
  3170 | D:5      | Noticed a sky beast
  3178 | D:5      | Killed a sky beast
  3179 | D:5      | Gained mutation: A meltable icy envelope protects you from
                  | harm. (AC +8) [demonic ancestry]
  3179 | D:5      | Reached XP level 7. HP: 60/60 MP: 7/7
  3206 | D:5      | Found Upeimme's Book Boutique.
  3347 | D:5      | Noticed an animated shadow dragon scales
  3349 | D:5      | Found Olaisiov's Armour Shoppe.
  3351 | D:5      | Noticed an animated storm dragon scales
  3591 | D:5      | Gained mutation: You are mostly covered in icy blue scales.
                  | (AC +3) [demonic ancestry]
  3591 | D:5      | Reached XP level 8. HP: 52/71 MP: 8/8
  3651 | D:6      | Reached skill level 10 in Fighting
  3887 | D:6      | Found a staircase to the Ecumenical Temple.
  3901 | Temple   | Entered the Ecumenical Temple
  4086 | Temple   | Became a worshipper of Uskayaw the Reveller
  4230 | D:7      | Reached * piety under Uskayaw
  4233 | D:7      | Reached skill level 1 in Dodging
  4233 | D:7      | Reached skill level 1 in Stealth
  4235 | D:7      | Reached ** piety under Uskayaw
  4241 | D:7      | Reached *** piety under Uskayaw
  4247 | D:7      | Reached **** piety under Uskayaw
  4298 | D:7      | Identified the +7 trident "Veirickuhy" {freeze, rN+ Str+4}
  4387 | D:7      | Noticed a moth of wrath
  4420 | D:7      | Found a bloodstained altar of Trog.
  4420 | D:7      | Noticed NimIero's ghost (novice AtMo)
  4424 | D:7      | Found a transporter.
  4432 | D:7      | Found a transporter.
  4458 | D:7      | Reached skill level 1 in Invocations
  4489 | D:7      | Reached ***** piety under Uskayaw
  4490 | D:7      | Reached XP level 9. HP: 62/80 MP: 10/10
  4554 | D:7      | Got the Lectures on Hiemal Anathema
  4626 | D:7      | Noticed Pikel
  4643 | D:7      | Killed Pikel
  4790 | D:8      | Noticed an orange demon
  4791 | D:8      | Noticed Amaemon
  4811 | D:7      | Killed Amaemon
  4876 | D:8      | Killed an orange demon
  4959 | D:8      | Reached skill level 5 in Invocations
  5056 | D:8      | Noticed Maggie
  5075 | D:8      | Reached XP level 10. HP: 82/88 MP: 13/13
  5078 | D:8      | Noticed Gastronok
  5125 | D:8      | Killed Gastronok
  5242 | D:8      | Reached skill level 5 in Stealth
  5335 | D:8      | Killed Maggie
  5336 | D:8      | Reached skill level 5 in Armour
  5506 | D:8      | Found a basalt altar of Yredelemnul.
  5682 | D:8      | Noticed a two-headed ogre
  5701 | D:8      | Reached skill level 5 in Dodging
  5708 | D:8      | Killed a two-headed ogre
  5942 | D:8      | Reached XP level 11. HP: 89/95 MP: 16/16
  6075 | D:9      | Found a staircase to the Orcish Mines.
  6125 | D:9      | Got the Folio of Thunder
  6169 | D:9      | Identified the +0 leather armour "Afoabod" {Int+2}
  6291 | D:9      | Noticed a two-headed ogre
  6301 | D:9      | Killed a two-headed ogre
  6671 | D:10     | Entered Level 10 of the Dungeon
  6898 | D:10     | Found Abats's General Store.
  6906 | D:10     | Bought an amulet of regeneration for 420 gold pieces
  6925 | D:10     | Found a flagged portal.
  6937 | Bailey   | Entered a bailey
  6942 | Bailey   | Noticed an orc warlord
  7008 | Bailey   | Found a runed translucent gate.
  7008 | Bailey   | Found a runed translucent gate.
  7008 | Bailey   | Found a runed translucent gate.
  7208 | Bailey   | Killed an orc warlord
  7223 | Bailey   | Identified the +7 halberd "Ypynonurr" {flame, *Rage Str+4
                  | Dex+4}
  7243 | D:10     | Acquired 1015 gold pieces
  7681 | D:10     | Noticed Joseph
  7695 | D:10     | Killed Joseph
  7808 | D:10     | Noticed an angel
  8018 | D:11     | Found Qotsuk's Distillery.
  8075 | D:11     | Bought a potion of might for 64 gold pieces
  8111 | D:11     | Noticed Sonja
  8141 | D:11     | Killed Sonja
  8156 | D:11     | Noticed a sixfirhy
  8212 | D:11     | Noticed Psyche
  8225 | D:11     | Paralysed by Psyche for 5 turns
  8228 | D:11     | Killed Psyche
  8363 | D:11     | Found a staircase to the Lair.
  8518 | D:11     | Gained mutation: You have a small tail. [demonic ancestry]
  8518 | D:11     | Reached XP level 12. HP: 56/105 MP: 19/19
  8696 | Lair:1   | Entered Level 1 of the Lair of Beasts
  8776 | Lair:1   | Reached skill level 1 in Conjurations
  8882 | Lair:1   | Reached skill level 1 in Staves
  9027 | Lair:1   | Found a dark tunnel.
  9052 | Volcano  | Entered a volcano
  9073 | Volcano  | Reached skill level 1 in Spellcasting
  9205 | Volcano  | Reached skill level 10 in Invocations
  9303 | Volcano  | Noticed an orb of fire
  9371 | Volcano  | Noticed a red draconian
  9411 | Volcano  | Killed a red draconian
  9430 | Volcano  | Noticed an orb of fire
  9461 | Volcano  | Reached skill level 5 in Evocations
  9595 | Volcano  | Identified the +3 pair of boots of the Furrier {rC- rN+
                  | MP+9 Str+4}
 11313 | Lair:2   | Learned a level 3 spell: Stone Arrow
 11318 | Lair:2   | Learned a level 4 spell: Sticky Flame
 11765 | Lair:3   | Reached skill level 5 in Conjurations
 11765 | Lair:3   | Gained mutation: A meltable icy envelope protects you from
                  | harm. (AC +8) [demonic ancestry]
 11765 | Lair:3   | Reached XP level 13. HP: 101/111 MP: 19/21
 11811 | Lair:3   | Reached ****** piety under Uskayaw
 12015 | Lair:3   | Reached skill level 5 in Staves
 12173 | Lair:3   | Found a runed translucent gate.
 12189 | Lair:3   | Found a hole to the Spider Nest.
 12198 | Lair:3   | Found a runed translucent gate.
 12198 | Lair:3   | Found a runed translucent gate.
 12763 | Lair:3   | Noticed Muexzin's ghost (journeyman GnFi)
 12844 | Lair:4   | Noticed Nubia's ghost (journeyman GnEn)
 12874 | Lair:4   | Found a transporter.
 12930 | Lair:4   | Found a transporter.
 14018 | Lair:5   | Entered Level 5 of the Lair of Beasts
 14102 | Lair:5   | Found a staircase to the Slime Pits.
 14386 | Lair:5   | Gained mutation: You regenerate health from kills. [demonic
                  | ancestry]
 14386 | Lair:5   | Reached XP level 14. HP: 118/118 MP: 22/22
 14390 | Lair:5   | Identified the +1 scale mail of Ashenzari's Whim {Harm rN++
                  | Str-3}
 14799 | Lair:5   | Reached skill level 5 in Spellcasting
 15096 | Lair:5   | Acquired the +2 pair of gloves of Uhin {Fly Int+2}
 15655 | D:11     | Bought a potion of curing for 48 gold pieces
 15655 | D:11     | Bought a potion of lignification for 48 gold pieces
 15655 | D:11     | Bought a potion of curing for 48 gold pieces
 15685 | D:10     | Bought a potion of heal wounds for 70 gold pieces
 15685 | D:10     | Bought a potion of curing for 42 gold pieces
 15807 | D:5      | Bought a potion of curing for 90 gold pieces
 15807 | D:5      | Bought a potion of heal wounds for 150 gold pieces
 15807 | D:5      | Bought a shiny helmet for 225 gold pieces
 15900 | D:7      | Killed NimIero's ghost
 15984 | Orc:1    | Entered Level 1 of the Orcish Mines
 16674 | Orc:1    | Found a runed translucent gate.
 16674 | Orc:1    | Found a runed translucent gate.
 16674 | Orc:1    | Found a runed translucent gate.
 16676 | Orc:1    | Found an opulent altar of Gozag.
 16678 | Orc:1    | Found Omiton's Assorted Antiques.
 16679 | Orc:1    | Noticed krest9999's ghost (journeyman GrEE)
 16680 | Orc:1    | Found Gywufetu's Assorted Antiques.
 17120 | Orc:1    | Killed krest9999's ghost
 17258 | Orc:1    | Bought a scroll of blinking for 202 gold pieces
 17269 | Orc:2    | Entered Level 2 of the Orcish Mines
 17354 | Orc:2    | Found a staircase to the Elven Halls.
 17457 | Orc:2    | Reached skill level 1 in Shields
 17494 | Orc:2    | Found Kiass's Weapon Boutique.
 17494 | Orc:2    | Found Quczedoy's Jewellery Boutique.
 17513 | Orc:2    | Found Adeg Muuff's Distillery.
 17513 | Orc:2    | Found Esahoh's Distillery.
 17520 | Orc:2    | Bought a potion of heal wounds for 85 gold pieces
 17523 | Orc:2    | Bought a potion of might for 56 gold pieces
 17588 | Orc:2    | Paralysed by an orc sorcerer for 4 turns
 18109 | Orc:2    | Bought the ring of Bodily Harmony {rF+ rC+ Str+7 Dex-2
                  | SInv} for 912 gold pieces
 18348 | D:12     | Found a bloodstained altar of Trog.
 18601 | D:12     | Reached XP level 15. HP: 119/125 MP: 24/24
 18629 | D:12     | Identified the +4 quarterstaff of the Turnip {freeze,
                  | Int+3}
 19023 | D:12     | Got the Spellbook of the Assassin
 19254 | D:13     | Noticed Maurice
 19275 | D:13     | Killed Maurice
 19516 | D:13     | Noticed Jorgrun
 19558 | D:14     | Found a frozen archway.
 19594 | IceCv    | Entered an ice cave
 19610 | IceCv    | Reached skill level 10 in Evocations
 20261 | IceCv    | Noticed a frost giant
 20262 | IceCv    | Noticed a frost giant
 20284 | IceCv    | Killed a frost giant
 20284 | IceCv    | Killed a frost giant
 20505 | D:14     | Reached skill level 10 in Conjurations
 20960 | D:13     | Killed Jorgrun
 21155 | D:13     | Found a gate to the Vaults.
 21403 | D:14     | Noticed Louise
 21909 | D:14     | Found a shimmering blue altar of Sif Muna.
 21989 | Abyss:3  | Cast into level 3 of the Abyss (a wizard)
 22001 | Abyss:3  | Found a corrupted altar of Lugonu.
 22032 | Abyss:3  | Noticed a tentacled starspawn
 22049 | Abyss:3  | Killed a tentacled starspawn
 22132 | Abyss:3  | Noticed a profane servitor
 22502 | Abyss:4  | Noticed an Executioner
 22518 | Abyss:4  | Killed an Executioner
 22572 | Abyss:4  | Noticed a tentacled starspawn
 22624 | Abyss:4  | Killed a tentacled starspawn
 22664 | Abyss:4  | Noticed a tentacled starspawn
 22669 | Abyss:4  | Found a corrupted altar of Lugonu.
 22684 | Abyss:4  | Found a corrupted altar of Lugonu.
 22684 | Abyss:4  | Found a corrupted altar of Lugonu.
 22684 | Abyss:4  | Found a corrupted altar of Lugonu.
 22692 | Abyss:4  | Gained mutation: You have a tail ending in a sharp stinger.
                  | [demonic ancestry]
 22692 | Abyss:4  | Reached XP level 16. HP: 134/134 MP: 26/26
 22717 | Abyss:4  | Killed a tentacled starspawn
 22734 | D:14     | Escaped the Abyss
 22773 | D:15     | Entered Level 15 of the Dungeon
 23162 | Abyss:4  | Found a corrupted altar of Lugonu.
 23162 | Abyss:4  | Cast into level 4 of the Abyss (a wizard)
 23269 | Abyss:4  | Noticed a tentacled starspawn
 23290 | Abyss:4  | Reached skill level 10 in Staves
 23322 | Abyss:4  | Killed a tentacled starspawn
 23337 | Abyss:4  | Noticed a tentacled starspawn
 23352 | Abyss:4  | Killed a tentacled starspawn
 23426 | D:15     | Escaped the Abyss
 23892 | D:15     | Found a staircase to the Depths.
 24153 | Lair:3   | Killed Muexzin's ghost
 24183 | Lair:3   | Got the ring of Bupig {Fire rElec rN+++ Int-5 SInv}
 24230 | Spider:1 | Entered Level 1 of the Spider Nest
 24651 | Spider:1 | Reached skill level 5 in Shields
 25035 | Spider:1 | Noticed Frances
 25113 | Spider:1 | Killed Frances
 26076 | Spider:2 | Gained mutation: You have a sharp stinger which inflicts
                  | weakening toxins. [demonic ancestry]
 26076 | Spider:2 | Reached XP level 17. HP: 140/140 MP: 23/28
 27294 | Spider:2 | Learned a level 4 spell: Flame Wave
 27823 | Spider:3 | Identified the +11 quarterstaff "Murmur" {flame, *Rage rF+
                  | rC+ Str+9}
 27981 | Spider:3 | Reached skill level 15 in Fighting
 28805 | Spider:4 | Entered Level 4 of the Spider Nest
 29700 | Spider:4 | Reached skill level 15 in Invocations
 29837 | Spider:4 | Got a gossamer rune of Zot
 30202 | Shoals:1 | Entered Level 1 of the Shoals
 30280 | Shoals:1 | Reached XP level 18. HP: 146/149 MP: 30/30
 31637 | Shoals:2 | Found Jacy's Antique Armour Emporium.
 31972 | Shoals:3 | Noticed Polyphemus
 31997 | Shoals:3 | Killed Polyphemus
 32195 | Shoals:4 | Entered Level 4 of the Shoals
 32195 | Shoals:4 | Found a shadowy altar of Dithmenos.
 32559 | Shoals:3 | Found a runed translucent door.
 32606 | Shoals:3 | HP: 5/149 [merfolk aquamancer/shard of ice (34)]
 32606 | Shoals:3 | Hit by a silver javelin thrown by a merfolk javelineer

Illustrated notes

Levels and vault maps discovered:
D:1:      dpeg_arrival_arbitrary_c, layout_loops_corners,
          hangedman_decor_diamond_cutter, bh_walls_and_bars
D:2:      layout_loops_ring, minmay_heptomino_o4
D:3:      layout_loops_ring, nicolae_dithmenos_through_a_glass_darkly
D:4:      layout_rooms, uniq_crazy_yiuf_cottage
D:5:      cheibrodos_quashed, layout_basic, serial_shops,
          nicolae_shop_tiny_waterfront, nicolae_shop_mannequins, shop
D:6:      layout_rooms, minmay_temple_entry_glassed_door
D:7:      layout_basic, gammafunk_ghost_wrathful_warriors,
          kennysheep_generic_room_14, uniq_pikel
D:8:      minmay_thinvault, layout_cave_pools, lemuel_round_altar,
          roderic_batcave, uniq_maggie, uniq_gastronok, uniq_amaemon
D:9:      layout_roguey
D:10:     layout_loops_corners, zin_angel, serial_shops, shop, enter_bailey_3,
          hangedman_decor_push, hangedman_decor_peaks_small,
          kb_lookout_dungeons_type, uniq_joseph
D:11:     layout_cave_pools, hellmonk_lair_entry_icy, nicolae_stop_n_shop_2,
          uniq_sonja, uniq_psyche
D:12:     minmay_cut_squares, layout_gridville, david_defended_altar_orc
D:13:     layout_rooms, david_vaults_5, kennysheep_cross_room, uniq_maurice,
          uniq_jorgrun
D:14:     layout_loops_ring, minmay_misc_feat_columns,
          portal_ice_cave_entry_pillars_2, led_sif_pool, uniq_louise
D:15:     gammafunk_enter_depths_forms, layout_irregular_city,
          palyth_stone_intersect, chequers_serial_rivers_micro_e
Temple:   nicolae_temple_bog_church
Lair:1:   layout_cave_pods, nicolae_volcano_entry_s_turn, minivault_26,
          kennysheep_rathole, infiniplex_staircase_pool
Lair:2:   layout_gridlike, infiniplex_staircase_pool_2
Lair:3:   layout_gridlike, nicolae_shoals_entry_flooding,
          spider_nest_entry_webs, gammafunk_ghost_icy, serial_bayou_pond_d,
          grunt_megastairs_1
Lair:4:   layout_cave_pods, nzn_ghost_randoct
Lair:5:   minmay_lair_end_frog_pond, layout_cave_pods,
          nicolae_slime_entry_slimehenge
Shoals:1: layout_shoals
Shoals:2: layout_shoals, serial_shops, nicolae_shop_statue_plus,
          hangedman_shoal_volcano
Shoals:3: nicolae_shoals_lighthouse, layout_shoals, uniq_polyphemus
Shoals:4: shoals_end_hellmonk_storm_palace [storm_palace_center_square,
          storm_palace_corner_altar, storm_palace_corner_altar,
          storm_palace_corner_altar, storm_palace_corner_reverse_hut]
Spider:1: layout_spider_delve, uniq_frances
Spider:2: layout_spider_delve
Spider:3: layout_cave_pods
Spider:4: floodkiller_spider_rune_tomb
Orc:1:    layout_diamond_mine, ebering_ghost_gozag
Orc:2:    st_orc_mages, layout_caves

Skill      XL: |  1  2  3  4  5  6  7  8  9 10 11 12 13 14 15 16 17 18 |
---------------+-------------------------------------------------------+-----
Fighting       | 2 3 4 6 7 9 11 12 13 14 15 | 15.5
Dodging        | 2 3 5 6 |  6.8
Stealth        | 2 4 5 7 |  7.5
Armour         | 2 4 5 7 |  7.1
Invocations    | 1 5 7 9 10 11 12 13 14 15 | 15.5
Conjurations   | 5 7 9 10 11 13 | 13.6
Staves         | 4 6 8 9 10 12 | 12.6
Spellcasting   | 3 4 5 6 7 8 |  8.9
Evocations     | 6 8 9 11 12 13 14 | 14.0
Shields        | 1 3 5 |  5.0

Action                     |  1- 3 |  4- 6 |  7- 9 | 10-12 | 13-15 | 16-18 || total
---------------------------+-------+-------+-------+-------+-------+-------++-------
  Melee: Short sword       |    67 |       |       |       |       |       ||    67
         Club              |    14 |       |       |       |       |       ||    14
         Whip              |    32 |   111 |   293 |  1079 |  1557 |       ||  3072
         Dagger            |    16 |       |       |       |       |       ||    16
         Rapier            |    10 |       |       |       |       |       ||    10
         Punch             |       |     1 |     6 |    16 |    22 |       ||    45
         Tailslap          |       |       |       |    99 |   480 |   373 ||   952
         Staff             |       |       |       |       |   622 |   931 ||  1553
         Quarterstaff      |       |       |       |       |       |   774 ||   774
   Cast: Stone Arrow       |       |       |       |       |    84 |   132 ||   216
         Sticky Flame      |       |       |       |       |     2 |    11 ||    13
         Flame Wave        |       |       |       |       |       |     1 ||     1
 Invoke: Line Pass         |       |       |       |     3 |     2 |     1 ||     6
         Grand Finale      |       |       |       |       |     1 |     2 ||     3
  Evoke: Wand              |       |       |     4 |     6 |     6 |       ||    16
    Use: Scroll            |     1 |     4 |     7 |    16 |    13 |     2 ||    43
         Potion            |       |     2 |       |     5 |     7 |       ||    14
   Stab: Sleeping          |     2 |       |     1 |    10 |     8 |    20 ||    41
         Distracted        |       |     1 |       |     1 |       |     2 ||     4
         Paralysed         |       |       |    15 |    62 |   158 |   185 ||   420
         Confused          |       |       |       |     1 |     1 |       ||     2
 Armour: Leather armour    |    38 |    47 |   188 |    52 |       |       ||   325
         Swamp dragon scal |       |       |       |   523 |  1214 |   935 ||  2672
         Skin              |       |       |       |    17 |       |       ||    17
  Dodge: Dodged            |    95 |    60 |   229 |   710 |  1757 |  1321 ||  4172
  Block: Other             |       |     3 |    52 |   166 |   202 |   111 ||   534
         Buckler           |       |       |       |       |   458 |   577 ||  1035
